 Dungeon Crawl Stone Soup version 0.29.0-4-gdea44cf6ec (webtiles) character file.

Game seed: 14497402418474484906

23 qw the Chopper (level 2, -3/17 HPs)
             Began as a Tengu Warper on Aug 28, 2022.
             Killed by nerve-wracking pain
             ... invoked by a shadow imp
             ... summoned by Natasha
              (11 damage)
             ... on level 2 of the Dungeon.
             The game lasted 00:00:05 (1923 turns).

qw the Chopper (Tengu Warper)                       Turns: 1923, Time: 00:00:06

Health: -3/17      AC:  9    Str: 11    XL:     2   Next: 95%
Magic:  6/6        EV:  9    Int: 11    God:
Gold:   30         SH:  0    Dex: 13    Spells: 5/5 levels left

rFire   + . .      SeeInvis .   Y - +0 hand axe
rCold   . . .      Faith    .   (no shield)
rNeg    . . .      Spirit   .   k - +2 scale mail {rF+}
rPois   .          Reflect  .   f - +1 hat
rElec   .          Harm     .   (no cloak)
rCorr   .          Rampage  .   (no gloves)
Will    .....                   (boots unavailable)
Stlth   ..........              (no amulet)
HPRegen 0.05/turn               (no ring)
MPRegen 0.10/turn               (no ring)

@: no status effects
A: beak, talons 3, dopey 1
a: no special abilities


You were on level 2 of the Dungeon.
You visited 1 branch of the dungeon, and saw 2 of its levels.

You collected 30 gold pieces.


Innate Abilities, Weirdness & Mutations

You have a beak for a mouth.
You have claws for feet.
You are dopey. (Int -2)


   Skills:
 - Level 2.0 Fighting
 + Level 3.7 Axes
 - Level 1.0 Throwing
 - Level 1.1 Armour
 - Level 2.1 Dodging
 - Level 2.0 Spellcasting
 - Level 2.4 Translocations


You had 5 spell levels left.
You didn't know any spells.
Your spell library contained the following spells:

 Spells                   Type           Power      Damage    Failure   Level
 Blink                    Tloc           12%        N/A       69%         2
 Gell's Gravitas          Tloc           6%         N/A       89%         3
 Lesser Beckoning         Tloc           6%         N/A       89%         3
 Teleport Other           Tloc           6%         N/A       89%         3
 Manifold Assault         Tloc           6%         N/A       100%        5

Inventory:

Hand Weapons
 m - a +0 whip
 Y - a +0 hand axe (weapon)
Armour
 f - a +1 hat (worn)
 k - a +2 scale mail of fire resistance (worn)
Jewellery
 d - a ring of ice
Potions
 g - a potion of flight {unknown}
 l - a potion of haste {unknown}

Dungeon Overview and Level Annotations

Branches:
Dungeon (2/15)

Altars:

Annotations:
D:2 Natasha


Message History

Natasha is nearby!
Existing waypoints: (2) D:1 Assign waypoint to what number? (0-9, D - delete waypoint) Waypoint 1 assigned to D:2.
Natasha hisses.
Natasha mumbles some strange words.
Natasha howls an incantation.
Natasha shimmers violently.
Natasha claws you.
You hit Natasha. Your kick misses Natasha.
Natasha is moderately wounded.
Natasha claws you.
You barely miss Natasha. Your kick misses Natasha.
Natasha is moderately wounded.
You closely miss the shadow imp.
The shadow imp hits you but does no damage.
Natasha mumbles some strange words.
You barely miss Natasha. Your kick misses Natasha. You peck Natasha.
Natasha is heavily wounded.
You barely miss the shadow imp.
You hit the shadow imp but do no damage.
Natasha barely misses you.
The shadow imp hits you but does no damage. x2
You hit Natasha. Your peck misses Natasha.
Natasha is heavily wounded.
You hit the shadow imp.
You hit the shadow imp but do no damage.
Natasha claws you but does no damage. The shadow imp hits you.
The shadow imp closely misses you.
You completely miss Natasha. You peck Natasha.
Natasha is severely wounded.
You hit the shadow imp but do no damage.
You barely miss the shadow imp. Natasha closely misses you.
The shadow imp hits you but does no damage.
The shadow imp gestures at you. Pain shoots through your body!
Ouch! That really hurt!
You die...

# #.
#.###########
#...5.5......
#<.@h......
##########.


You could see Natasha and 2 shadow imps.

Vanquished Creatures
  2 dart slugs (D:1)
  A ball python (D:1)
  2 bats (D:1)
  A giant cockroach (D:1)
  2 hobgoblins (D:1)
  A quokka (D:1)
  5 frilled lizards (D:1)
  2 goblins (D:1)
  A kobold (D:1)
  3 rats (D:1)
20 creatures vanquished.

Notes
Turn   | Place    | Note
-------+----------+-------------------------------------------
     0 | D:1      | qw the Tengu Warper began the quest for the Orb.
     0 | D:1      | Reached XP level 1. HP: 12/12 MP: 4/4
     0 | D:1      | 0 ||| qw: Version: 0.1-a-89-g26bdef1
     0 | D:1      | 0 ||| qw: Game counter: 885
     0 | D:1      | 0 ||| qw: Always use a shield: true
     0 | D:1      | 0 ||| qw: God list: Okawaru
     0 | D:1      | 0 ||| qw: Allow faded altars: false
     0 | D:1      | 0 ||| qw: Do Orc after D:15 true
     0 | D:1      | 0 ||| qw: Do second Lair branch before Depths: true
     0 | D:1      | 0 ||| qw: Lair rune preference: random
     0 | D:1      | 0 ||| qw: Plans: Normal
     0 | D:1      | 0 ||| PLANNING D:1-11
    94 | D:1      | 94 ||| Stepping ~*~*~tactically~*~*~ (stealth).
    99 | D:1      | 99 ||| Stepping ~*~*~tactically~*~*~ (stealth).
   140 | D:1      | 140 ||| Stepping ~*~*~tactically~*~*~ (stealth).
   403 | D:1      | 403 ||| Stepping ~*~*~tactically~*~*~ (hiding).
   505 | D:1      | 505 ||| Stepping ~*~*~tactically~*~*~ (hiding).
   607 | D:1      | 607 ||| Stepping ~*~*~tactically~*~*~ (hiding).
   709 | D:1      | 709 ||| Stepping ~*~*~tactically~*~*~ (hiding).
   811 | D:1      | 811 ||| Stepping ~*~*~tactically~*~*~ (hiding).
   913 | D:1      | 913 ||| Stepping ~*~*~tactically~*~*~ (hiding).
   921 | D:1      | Reached skill level 3 in Axes
   921 | D:1      | Reached XP level 2. HP: 14/17 MP: 6/6
   988 | D:1      | 988 ||| Stepping ~*~*~tactically~*~*~ (stealth).
   990 | D:1      | 990 ||| Stepping ~*~*~tactically~*~*~ (stealth).
   992 | D:1      | 992 ||| Stepping ~*~*~tactically~*~*~ (hiding).
   996 | D:1      | 996 ||| Stepping ~*~*~tactically~*~*~ (hiding).
  1156 | D:1      | 1156 ||| Stepping ~*~*~tactically~*~*~ (stealth).
  1158 | D:1      | 1158 ||| Stepping ~*~*~tactically~*~*~ (stealth).
  1738 | D:1      | 1738 ||| UPGRADING to +0 ring mail.
  1748 | D:1      | 1748 ||| DROPPING +0 leather armour.
  1749 | D:1      | 1749 ||| UPGRADING to +1 hat.
  1754 | D:1      | 1754 ||| UPGRADING to +2 scale mail of fire resistance.
  1764 | D:1      | 1764 ||| DROPPING +0 ring mail.
  1765 | D:1      | 1765 ||| READING scroll labelled SUNOUN ZAICHOO.
  1766 | D:1      | 1766 ||| READING scroll labelled CUMOSS MAGI.
  1895 | D:1      | 1895 ||| DRINKING 2 metallic puce potions.
  1895 | D:1      | Gained mutation: You occasionally lose the ability to drink
                  | potions when taking damage. [potion of mutation]
  1895 | D:1      | Gained mutation: You have a pair of small horns on your
                  | head. [potion of mutation]
  1896 | D:1      | 1896 ||| DRINKING potion of mutation.
  1896 | D:1      | Lost mutation: You have a pair of small horns on your head.
                  | [potion of mutation]
  1896 | D:1      | Lost mutation: You occasionally lose the ability to drink
                  | potions when taking damage. [potion of mutation]
  1896 | D:1      | Gained mutation: You are dopey. (Int -2) [potion of
                  | mutation]
  1897 | D:1      | 1897 ||| DROPPING scroll of blinking.
  1916 | D:2      | Noticed Natasha
  1923 | D:2      | Killed from afar by a shadow imp

Levels and vault maps discovered:
D:1:      matt_arrival_spirals, layout_loops_cross, corner_web_ring,
          minmay_crystal_room
D:2:      layout_basic, uniq_sigmund, uniq_natasha

Skill      XL: |  1 |
---------------+----+-----
Axes           | 3 |  3.7
Fighting       | |  2.0
Throwing       | |  1.0
Armour         | |  1.1
Dodging        | |  2.1
Spellcasting   | |  2.0
Translocations | |  2.4

Action                   || total
-------------------------++-------
Melee: Hand axe          ||    41
       Kick              ||     8
       Peck              ||     6
       Punch             ||     1
Throw: Boomerang         ||     7
  Use: Scroll            ||     2
       Potion            ||     2
Armor: Leather armour    ||     7
       Scale mail        ||     5
Dodge: Dodged            ||    18

Table legend:
 A = Non-vault XP
 B = Vault XP
 C = Vault XP percentage of total XP
 D = Non-vault monster count
 E = Vault monster count
 F = Vault count percentage of total count
                 A         B        C        D         E       F
            +---------+---------+-------+---------+---------+-------
      Total |      33 |       0 |   0.0 |      20 |       0 |   0.0
            +---------+---------+-------+---------+---------+-------
        D:1 |      33 |       0 |   0.0 |      20 |       0 |   0.0
            +---------+---------+-------+---------+---------+-------
